Workbook

Sheet Фасад СОШ 18468
A2: ВЕДОМОСТЬ ДОГОВОРНОЙ ЦЕНЫ
A3: на наружные отделочные работы
A4: на объекте: "Проектирование и строительство общеобразовательной организации на 1550 мест на земельном участке с кадастровым номером 23:43:0118001:18468 в Прикубанском внутригородском округе г. Краснодара"
A6: № | B6: Наименование работ | C6: Нормы расхода | D6: Ед.изм. | E6: Кол-во | F6: Цена за ед. изм., руб., без учета НДС | I6: Стоимость, руб., без учета НДС | L6: Примечание
F7: Всего | G7: в том числе | I7: Всего | J7: в том числе
G8: Работа | H8: Материал | J8: Работа | K8: Материал
B9: Блок А1, А2 | M9: Объемы по спецификации А2402-АР лист 7.14-7.15
B10: Ниже отм. 0,000 (цоколь) | M10: расход по А2402-АР лист 7.363
B11: Тип С-2
A12: =A11+1 -> 1 | B12: Нанесение базового штукатурного слоя с двойным армированием стеклосеткой - 10 мм | D12: м2 | E12: 7.53 | F12: =G12+H12 -> 0 | I12: =J12+K12 -> 0 | J12: =G12*E12 -> 0 | K12: =H12*E12 -> 0
A13: =A12+1 -> 2 | B13: Смесь Церезит СТ85 (или аналог) - 10 мм | C13: =5 -> 5 | D13: кг | E13: =ROUND(E12*C13,2) -> 37.65 | F13: =G13+H13 -> 0 | I13: =J13+K13 -> 0 | J13: =G13*E13 -> 0 | K13: =H13*E13 -> 0 | L13: Материал подрядчика
A14: =A13+1 -> 3 | B14: Стеклосетка (2 слоя) | C14: 2.2 | D14: м2 | E14: =ROUND(E12*C14,2) -> 16.57 | F14: =G14+H14 -> 0 | I14: =J14+K14 -> 0 | J14: =G14*E14 -> 0 | K14: =H14*E14 -> 0 | L14: Материал подрядчика
A15: =A14+1 -> 4 | B15: Облицовка стен плиткой из керамогранита | D15: м2 | E15: 7.53 | F15: =G15+H15 -> 0 | I15: =J15+K15 -> 0 | J15: =G15*E15 -> 0 | K15: =H15*E15 -> 0
A16: =A15+1 -> 5 | B16: Грунтовка ФОРБО 050 (или аналог) | C16: =(30/1000+60/1000)/2 -> 0.045 | D16: кг | E16: =ROUND(E15*C16,2) -> 0.34 | F16: =G16+H16 -> 0 | I16: =J16+K16 -> 0 | J16: =G16*E16 -> 0 | K16: =H16*E16 -> 0 | L16: Материал подрядчика
A17: =A16+1 -> 6 | B17: Клей плиточный ФОРБО Eurocol 756 EUROBOND (или аналог) - 7мм | C17: 4.2 | D17: кг | E17: =ROUND(E15*C17,2) -> 31.63 | F17: =G17+H17 -> 0 | I17: =J17+K17 -> 0 | J17: =G17*E17 -> 0 | K17: =H17*E17 -> 0 | L17: Материал подрядчика
A18: =A17+1 -> 7 | B18: Затирка швов Церезит СЕ40 AQUASTATIC (или аналог) (цвет темно-серый в цвет плитки) | C18: 0.3 | D18: кг | E18: =ROUND(E15*C18,2) -> 2.26 | F18: =G18+H18 -> 0 | I18: =J18+K18 -> 0 | J18: =G18*E18 -> 0 | K18: =H18*E18 -> 0 | L18: Материал подрядчика
A19: =A18+1 -> 8 | B19: Плитка керамогранитная VITRA (или аналог) 400х600 (цвет темно-серый) ректификат, класс износостойкости не менее 4, класс стойкости к образованию пятен не менее 4, толщиной не менее 8мм | C19: =1.1 -> 1.1 | D19: м2 | E19: =ROUND(E15*C19,2) -> 8.28 | F19: =G19+H19 -> 0 | I19: =J19+K19 -> 0 | J19: =G19*E19 -> 0 | K19: =H19*E19 -> 0 | L19: Материал Заказчика
B20: Тип С-8
A21: 9 | B21: Облицовка стен плиткой из керамогранита | D21: м2 | E21: 50.87 | F21: =G21+H21 -> 0 | I21: =J21+K21 -> 0 | J21: =G21*E21 -> 0 | K21: =H21*E21 -> 0
A22: =A21+1 -> 10 | B22: Грунтовка ФОРБО 050 (или аналог) | C22: =(30/1000+60/1000)/2 -> 0.045 | D22: кг | E22: =ROUND(E21*C22,2) -> 2.29 | F22: =G22+H22 -> 0 | I22: =J22+K22 -> 0 | J22: =G22*E22 -> 0 | K22: =H22*E22 -> 0 | L22: Материал подрядчика
A23: =A22+1 -> 11 | B23: Клей плиточный ФОРБО Eurocol 756 EUROBOND (или аналог) - 7мм | C23: 4.2 | D23: кг | E23: =ROUND(E21*C23,2) -> 213.65 | F23: =G23+H23 -> 0 | I23: =J23+K23 -> 0 | J23: =G23*E23 -> 0 | K23: =H23*E23 -> 0 | L23: Материал подрядчика
A24: =A23+1 -> 12 | B24: Затирка швов Церезит СЕ40 AQUASTATIC (или аналог) (цвет темно-серый в цвет плитки) | C24: 0.3 | D24: кг | E24: =ROUND(E21*C24,2) -> 15.26 | F24: =G24+H24 -> 0 | I24: =J24+K24 -> 0 | J24: =G24*E24 -> 0 | K24: =H24*E24 -> 0 | L24: Материал подрядчика
A25: =A24+1 -> 13 | B25: Плитка керамогранитная VITRA (или аналог) 400х600 (цвет темно-серый) ректификат, класс износостойкости не менее 4, класс стойкости к образованию пятен не менее 4, толщиной не менее 8мм | C25: =1.1 -> 1.1 | D25: м2 | E25: =ROUND(E21*C25,2) -> 55.96 | F25: =G25+H25 -> 0 | I25: =J25+K25 -> 0 | J25: =G25*E25 -> 0 | K25: =H25*E25 -> 0 | L25: Материал Заказчика
B26: Тип С-10
A27: 14 | B27: Отделка стен армированными цементно-минеральными плитами - 12,5 мм | D27: м2 | E27: 0.42 | F27: =G27+H27 -> 0 | I27: =J27+K27 -> 0 | J27: =G27*E27 -> 0 | K27: =H27*E27 -> 0
A28: =A27+1 -> 15 | B28: Армированные цементно-минеральные плиты АКВАПАНЕЛЬ Наружная -12,5мм | C28: 1.1 | D28: м2 | E28: =ROUND(E27*C28,2) -> 0.46 | F28: =G28+H28 -> 0 | I28: =J28+K28 -> 0 | J28: =G28*E28 -> 0 | K28: =H28*E28 -> 0
A29: =A28+1 -> 16 | B29: Облицовка стен плиткой из керамогранита | D29: м2 | E29: 0.42 | F29: =G29+H29 -> 0 | I29: =J29+K29 -> 0 | J29: =G29*E29 -> 0 | K29: =H29*E29 -> 0
A30: =A29+1 -> 17 | B30: Клей плиточный ФОРБО Eurocol 756 EUROBOND (или аналог) - 7мм | C30: 4.2 | D30: кг | E30: =ROUND(E29*C30,2) -> 1.76 | F30: =G30+H30 -> 0 | I30: =J30+K30 -> 0 | J30: =G30*E30 -> 0 | K30: =H30*E30 -> 0 | L30: Материал подрядчика
A31: =A30+1 -> 18 | B31: Затирка швов Церезит СЕ40 AQUASTATIC (или аналог) (цвет темно-серый в цвет плитки) | C31: 0.3 | D31: кг | E31: =ROUND(E29*C31,2) -> 0.13 | F31: =G31+H31 -> 0 | I31: =J31+K31 -> 0 | J31: =G31*E31 -> 0 | K31: =H31*E31 -> 0 | L31: Материал подрядчика
A32: =A31+1 -> 19 | B32: Плитка керамогранитная VITRA (или аналог) 400х600 (цвет темно-серый) ректификат, класс износостойкости не менее 4, класс стойкости к образованию пятен не менее 4, толщиной не менее 8мм | C32: =1.1 -> 1.1 | D32: м2 | E32: =ROUND(E29*C32,2) -> 0.46 | F32: =G32+H32 -> 0 | I32: =J32+K32 -> 0 | J32: =G32*E32 -> 0 | K32: =H32*E32 -> 0 | L32: Материал Заказчика
B33: Выше отм. 0,000
B34: Тип стены С-5, С6
A35: 20 | B35: Нанесение штукатурно-клеевой смеси - 10 мм | D35: м2 | E35: 1331.18 | F35: =G35+H35 -> 0 | I35: =J35+K35 -> 0 | J35: =G35*E35 -> 0 | K35: =H35*E35 -> 0
A36: =A35+1 -> 21 | B36: Смесь Церезит СТ180 (или аналог) - 10 мм | C36: 6 | D36: кг | E36: =ROUND(E35*C36,2) -> 7987.08 | F36: =G36+H36 -> 0 | I36: =J36+K36 -> 0 | J36: =G36*E36 -> 0 | K36: =H36*E36 -> 0 | L36: Материал подрядчика
A37: =A36+1 -> 22 | B37: Устройство утеплителя из минераловатных плит - 100 мм | D37: м2 | E37: =133.06/0.1 -> 1330.6 | F37: =G37+H37 -> 0 | I37: =J37+K37 -> 0 | J37: =G37*E37 -> 0 | K37: =H37*E37 -> 0
A38: =A37+1 -> 23 | B38: Утеплитель из минераловатных плит Роквул Фасад Баттс Д Оптима (или аналог) - 100 мм | C38: =1.03*0.1 -> 0.103 | D38: м3 | E38: =ROUND(E37*C38,2) -> 137.05 | F38: =G38+H38 -> 0 | I38: =J38+K38 -> 0 | J38: =G38*E38 -> 0 | K38: =H38*E38 -> 0 | L38: Материал Заказчика
A39: =A38+1 -> 24 | B39: Нанесение базового слоя из штукатурно-клеевой смеси с армированием щелочестойкой стеклосеткой - 10 мм | D39: м2 | E39: 1330.65 | F39: =G39+H39 -> 0 | I39: =J39+K39 -> 0 | J39: =G39*E39 -> 0 | K39: =H39*E39 -> 0
A40: =A39+1 -> 25 | B40: Смесь Церезит СТ190 (или аналог) армированная щелочестойкой стеклосеткой - 10 мм | C40: 6 | D40: кг | E40: =ROUND(E39*C40,2) -> 7983.9 | F40: =G40+H40 -> 0 | I40: =J40+K40 -> 0 | J40: =G40*E40 -> 0 | K40: =H40*E40 -> 0 | L40: Материал подрядчика
A41: =A40+1 -> 26 | B41: Щелочестойкая стеклосетка (1 слой) | C41: 1.1 | D41: м2 | E41: =ROUND(E39*C41,2) -> 1463.72 | F41: =G41+H41 -> 0 | I41: =J41+K41 -> 0 | J41: =G41*E41 -> 0 | K41: =H41*E41 -> 0 | L41: Материал подрядчика
A42: =A41+1 -> 27 | B42: Устройство декоративно-защитного покрытия - 5 мм | D42: м2 | E42: 1330.59 | F42: =G42+H42 -> 0 | I42: =J42+K42 -> 0 | J42: =G42*E42 -> 0 | K42: =H42*E42 -> 0
A43: =A42+1 -> 28 | B43: Декоративная штукатурка Церезит СТ137 (зерно 1 мм) (или аналог) - 5 мм | C43: 2 | D43: кг | E43: =ROUND(E42*C43,2) -> 2661.18 | F43: =G43+H43 -> 0 | I43: =J43+K43 -> 0 | J43: =G43*E43 -> 0 | K43: =H43*E43 -> 0 | L43: Материал подрядчика
A44: =A43+1 -> 29 | B44: Грунтование стен | D44: м2 | E44: 1331.38 | F44: =G44+H44 -> 0 | I44: =J44+K44 -> 0 | J44: =G44*E44 -> 0 | K44: =H44*E44 -> 0
A45: =A44+1 -> 30 | B45: Грунтовка под окраску Церезит СТ16 (или аналог) | C45: 0.4 | D45: л | E45: =ROUND(E44*C45,2) -> 532.55 | F45: =G45+H45 -> 0 | I45: =J45+K45 -> 0 | J45: =G45*E45 -> 0 | K45: =H45*E45 -> 0 | L45: Материал подрядчика
A46: =A45+1 -> 31 | B46: Окраска по предварительно огрунтованной поверхности стен | D46: м2 | E46: 1330.57 | F46: =G46+H46 -> 0 | I46: =J46+K46 -> 0 | J46: =G46*E46 -> 0 | K46: =H46*E46 -> 0
A47: =A46+1 -> 32 | B47: Краска силикатная Церезит СТ 54 с колером NCS (Natural Color System) (2 слоя) (или аналог) | C47: 0.45 | D47: л | E47: =ROUND(E46*C47,2) -> 598.76 | F47: =G47+H47 -> 0 | I47: =J47+K47 -> 0 | J47: =G47*E47 -> 0 | K47: =H47*E47 -> 0 | L47: Материал подрядчика
B48: Тип стены С-7
A49: 33 | B49: Выравнивание стен цементной смесью в два слоя - 5мм | D49: м2 | E49: 84.28 | F49: =G49+H49 -> 0 | I49: =J49+K49 -> 0 | J49: =G49*E49 -> 0 | K49: =H49*E49 -> 0
A50: =A49+1 -> 34 | B50: Цементная шпаклевка Церезит СТ225 (или аналог) - 5мм | C50: =1.2*5 -> 6 | D50: кг | E50: =ROUND(E49*C50,2) -> 505.68 | F50: =G50+H50 -> 0 | I50: =J50+K50 -> 0 | J50: =G50*E50 -> 0 | K50: =H50*E50 -> 0 | L50: Материал подрядчика
A51: =A50+1 -> 35 | B51: Окраска с предварительным грунтованием стен | D51: м2 | E51: 84.28 | F51: =G51+H51 -> 0 | I51: =J51+K51 -> 0 | J51: =G51*E51 -> 0 | K51: =H51*E51 -> 0
A52: =A51+1 -> 36 | B52: Грунтовка под окраску Церезит СТ16 (или аналог) | C52: 0.4 | D52: л | E52: =ROUND(E51*C52,2) -> 33.71 | F52: =G52+H52 -> 0 | I52: =J52+K52 -> 0 | J52: =G52*E52 -> 0 | K52: =H52*E52 -> 0 | L52: Материал подрядчика
A53: =A52+1 -> 37 | B53: Краска силикатная Церезит СТ 54 с колером NCS (Natural Color System) (2 слоя) (или аналог) | C53: 0.45 | D53: л | E53: =ROUND(E51*C53,2) -> 37.93 | F53: =G53+H53 -> 0 | I53: =J53+K53 -> 0 | J53: =G53*E53 -> 0 | K53: =H53*E53 -> 0 | L53: Материал подрядчика
B54: Тип стены С-9
A55: 38 | B55: Отделка стен армированными цементно-минеральными плитами - 12,5 мм | D55: м2 | E55: 42.83 | F55: =G55+H55 -> 0 | I55: =J55+K55 -> 0 | J55: =G55*E55 -> 0 | K55: =H55*E55 -> 0
A56: =A55+1 -> 39 | B56: Армированные цементно-минеральные плиты АКВАПАНЕЛЬ Наружная -12,5мм | C56: 1.1 | D56: м2 | E56: =ROUND(E55*C56,2) -> 47.11 | F56: =G56+H56 -> 0 | I56: =J56+K56 -> 0 | J56: =G56*E56 -> 0 | K56: =H56*E56 -> 0
A57: =A56+1 -> 40 | B57: Нанесение базового слоя из штукатурно-клеевой смеси с армированием щелочестойкой стеклосеткой - 10 мм | D57: м2 | E57: 42.83 | F57: =G57+H57 -> 0 | I57: =J57+K57 -> 0 | J57: =G57*E57 -> 0 | K57: =H57*E57 -> 0
A58: =A57+1 -> 41 | B58: Смесь Церезит СТ190 (или аналог) - 10 мм | C58: 6 | D58: кг | E58: =ROUND(E57*C58,2) -> 256.98 | F58: =G58+H58 -> 0 | I58: =J58+K58 -> 0 | J58: =G58*E58 -> 0 | K58: =H58*E58 -> 0 | L58: Материал подрядчика
A59: =A58+1 -> 42 | B59: Щелочестойкая стеклосетка (1 слой) | C59: 1.1 | D59: м2 | E59: =ROUND(E57*C59,2) -> 47.11 | F59: =G59+H59 -> 0 | I59: =J59+K59 -> 0 | J59: =G59*E59 -> 0 | K59: =H59*E59 -> 0 | L59: Материал подрядчика
A60: =A59+1 -> 43 | B60: Устройство декоративно-защитного покрытия - 5 мм | D60: м2 | E60: 42.83 | F60: =G60+H60 -> 0 | I60: =J60+K60 -> 0 | J60: =G60*E60 -> 0 | K60: =H60*E60 -> 0
A61: =A60+1 -> 44 | B61: Декоративная штукатурка Церезит СТ137 (зерно 1 мм) (или аналог) - 5 мм | C61: 2 | D61: кг | E61: =ROUND(E60*C61,2) -> 85.66 | F61: =G61+H61 -> 0 | I61: =J61+K61 -> 0 | J61: =G61*E61 -> 0 | K61: =H61*E61 -> 0 | L61: Материал подрядчика
A62: =A61+1 -> 45 | B62: Окраска с предварительным грунтованием стен | D62: м2 | E62: 42.83 | F62: =G62+H62 -> 0 | I62: =J62+K62 -> 0 | J62: =G62*E62 -> 0 | K62: =H62*E62 -> 0
A63: =A62+1 -> 46 | B63: Грунтовка под окраску Церезит СТ16 (или аналог) | C63: 0.4 | D63: л | E63: =ROUND(E62*C63,2) -> 17.13 | F63: =G63+H63 -> 0 | I63: =J63+K63 -> 0 | J63: =G63*E63 -> 0 | K63: =H63*E63 -> 0 | L63: Материал подрядчика
A64: =A63+1 -> 47 | B64: Краска силикатная Церезит СТ 54 с колером NCS (Natural Color System) (2 слоя) (или аналог) | C64: 0.45 | D64: л | E64: =ROUND(E62*C64,2) -> 19.27 | F64: =G64+H64 -> 0 | I64: =J64+K64 -> 0 | J64: =G64*E64 -> 0 | K64: =H64*E64 -> 0 | L64: Материал подрядчика
B65: Торцы плит перекрытия
A66: 48 | B66: Гидрофобизация бетонных поверхностей раствором | D66: м.п. | E66: =145.58/0.2 -> 727.9 | F66: =G66+H66 -> 0 | I66: =J66+K66 -> 0 | J66: =G66*E66 -> 0 | K66: =H66*E66 -> 0
A67: =A66+1 -> 49 | B67: Гидрофобизатор глубокого проникновения LITSIL S02 (или аналог) | C67: 0.3 | D67: л | E67: =ROUND(E66*0.2*C67,2) -> 43.67 | F67: =G67+H67 -> 0 | I67: =J67+K67 -> 0 | J67: =G67*E67 -> 0 | K67: =H67*E67 -> 0 | L67: Материал подрядчика
B68: Отделка наружных откосов
A69: 50 | B69: Нанесение базового слоя из штукатурно-клеевой смеси с армированием щелочестойкой стеклосеткой - 10 мм | D69: м.п. | E69: =48/0.12 -> 400 | F69: =G69+H69 -> 0 | I69: =J69+K69 -> 0 | J69: =G69*E69 -> 0 | K69: =H69*E69 -> 0 | M69: ширина откосов по минвате с учетом клея и штукатурки - 120мм
A70: =A69+1 -> 51 | B70: Смесь Церезит СТ190 (или аналог) армированная стеклосеткой - 10 мм | C70: =6*0.12 -> 0.72 | D70: кг | E70: =ROUND(E69*C70,2) -> 288 | F70: =G70+H70 -> 0 | I70: =J70+K70 -> 0 | J70: =G70*E70 -> 0 | K70: =H70*E70 -> 0 | L70: Материал подрядчика
A71: =A70+1 -> 52 | B71: Стеклосетка (1 слой) | C71: =1.1*0.12 -> 0.132 | D71: м2 | E71: =ROUND(E69*C71,2) -> 52.8 | F71: =G71+H71 -> 0 | I71: =J71+K71 -> 0 | J71: =G71*E71 -> 0 | K71: =H71*E71 -> 0 | L71: Материал подрядчика
A72: =A71+1 -> 53 | B72: Окраска с предварительным грунтованием стен | D72: м.п. | E72: =48/0.12 -> 400 | F72: =G72+H72 -> 0 | I72: =J72+K72 -> 0 | J72: =G72*E72 -> 0 | K72: =H72*E72 -> 0
A73: =A72+1 -> 54 | B73: Грунтовка под окраску Церезит СТ17 (или аналог) | C73: =0.4*0.12 -> 0.048 | D73: л | E73: =ROUND(E72*C73,2) -> 19.2 | F73: =G73+H73 -> 0 | I73: =J73+K73 -> 0 | J73: =G73*E73 -> 0 | K73: =H73*E73 -> 0 | L73: Материал подрядчика
A74: =A73+1 -> 55 | B74: Краска силикатная Церезит СТ 54 с колером NCS (Natural Color System) (2 слоя) (или аналог) | C74: =0.45*0.12 -> 0.054 | D74: л | E74: =ROUND(E72*C74,2) -> 21.6 | F74: =G74+H74 -> 0 | I74: =J74+K74 -> 0 | J74: =G74*E74 -> 0 | K74: =H74*E74 -> 0 | L74: Материал подрядчика
B75: Блок Б1, Б2 | M75: Объемы по спецификации А2402-АР лист 7.109-7.110
B76: Ниже отм. 0,000 (цоколь) | M76: расход по А2402-АР лист 7.363
B77: Тип С-2
A78: 56 | B78: Нанесение базового штукатурного слоя с двойным армированием стеклосеткой - 10 мм | D78: м2 | E78: 3.22 | F78: =G78+H78 -> 0 | I78: =J78+K78 -> 0 | J78: =G78*E78 -> 0 | K78: =H78*E78 -> 0
A79: =A78+1 -> 57 | B79: Смесь Церезит СТ85 (или аналог) - 10 мм | C79: =5 -> 5 | D79: кг | E79: =ROUND(E78*C79,2) -> 16.1 | F79: =G79+H79 -> 0 | I79: =J79+K79 -> 0 | J79: =G79*E79 -> 0 | K79: =H79*E79 -> 0 | L79: Материал подрядчика
A80: =A79+1 -> 58 | B80: Стеклосетка (2 слоя) | C80: 2.2 | D80: м2 | E80: =ROUND(E78*C80,2) -> 7.08 | F80: =G80+H80 -> 0 | I80: =J80+K80 -> 0 | J80: =G80*E80 -> 0 | K80: =H80*E80 -> 0 | L80: Материал подрядчика
A81: =A80+1 -> 59 | B81: Облицовка стен плиткой из керамогранита | D81: м2 | E81: 3.22 | F81: =G81+H81 -> 0 | I81: =J81+K81 -> 0 | J81: =G81*E81 -> 0 | K81: =H81*E81 -> 0
A82: =A81+1 -> 60 | B82: Грунтовка ФОРБО 050 (или аналог) | C82: =(30/1000+60/1000)/2 -> 0.045 | D82: кг | E82: =ROUND(E81*C82,2) -> 0.14 | F82: =G82+H82 -> 0 | I82: =J82+K82 -> 0 | J82: =G82*E82 -> 0 | K82: =H82*E82 -> 0 | L82: Материал подрядчика
A83: =A82+1 -> 61 | B83: Клей плиточный ФОРБО Eurocol 756 EUROBOND (или аналог) - 7мм | C83: 4.2 | D83: кг | E83: =ROUND(E81*C83,2) -> 13.52 | F83: =G83+H83 -> 0 | I83: =J83+K83 -> 0 | J83: =G83*E83 -> 0 | K83: =H83*E83 -> 0 | L83: Материал подрядчика
A84: =A83+1 -> 62 | B84: Затирка швов Церезит СЕ40 AQUASTATIC (или аналог) (цвет темно-серый в цвет плитки) | C84: 0.3 | D84: кг | E84: =ROUND(E81*C84,2) -> 0.97 | F84: =G84+H84 -> 0 | I84: =J84+K84 -> 0 | J84: =G84*E84 -> 0 | K84: =H84*E84 -> 0 | L84: Материал подрядчика
A85: =A84+1 -> 63 | B85: Плитка керамогранитная VITRA (или аналог) 400х600 (цвет темно-серый) ректификат, класс износостойкости не менее 4, класс стойкости к образованию пятен не менее 4, толщиной не менее 8мм | C85: =1.1 -> 1.1 | D85: м2 | E85: =ROUND(E81*C85,2) -> 3.54 | F85: =G85+H85 -> 0 | I85: =J85+K85 -> 0 | J85: =G85*E85 -> 0 | K85: =H85*E85 -> 0 | L85: Материал Заказчика
B86: Тип С-8 (торец плиты перекрытия)
A87: 64 | B87: Облицовка стен плиткой из керамогранита | D87: м2 | E87: 47.27 | F87: =G87+H87 -> 0 | I87: =J87+K87 -> 0 | J87: =G87*E87 -> 0 | K87: =H87*E87 -> 0
A88: =A87+1 -> 65 | B88: Грунтовка ФОРБО 050 (или аналог) | C88: =(30/1000+60/1000)/2 -> 0.045 | D88: кг | E88: =ROUND(E87*C88,2) -> 2.13 | F88: =G88+H88 -> 0 | I88: =J88+K88 -> 0 | J88: =G88*E88 -> 0 | K88: =H88*E88 -> 0 | L88: Материал подрядчика
A89: =A88+1 -> 66 | B89: Клей плиточный ФОРБО Eurocol 756 EUROBOND (или аналог) - 7мм | C89: 4.2 | D89: кг | E89: =ROUND(E87*C89,2) -> 198.53 | F89: =G89+H89 -> 0 | I89: =J89+K89 -> 0 | J89: =G89*E89 -> 0 | K89: =H89*E89 -> 0 | L89: Материал подрядчика
A90: =A89+1 -> 67 | B90: Затирка швов Церезит СЕ40 AQUASTATIC (или аналог) (цвет темно-серый в цвет плитки) | C90: 0.3 | D90: кг | E90: =ROUND(E87*C90,2) -> 14.18 | F90: =G90+H90 -> 0 | I90: =J90+K90 -> 0 | J90: =G90*E90 -> 0 | K90: =H90*E90 -> 0 | L90: Материал подрядчика
A91: =A90+1 -> 68 | B91: Плитка керамогранитная VITRA (или аналог) 400х600 (цвет темно-серый) ректификат, класс износостойкости не менее 4, класс стойкости к образованию пятен не менее 4, толщиной не менее 8мм | C91: =1.1 -> 1.1 | D91: м2 | E91: =ROUND(E87*C91,2) -> 52 | F91: =G91+H91 -> 0 | I91: =J91+K91 -> 0 | J91: =G91*E91 -> 0 | K91: =H91*E91 -> 0 | L91: Материал Заказчика
B92: Тип С-10 (зашивка колонн)
A93: 69 | B93: Отделка стен армированными цементно-минеральными плитами - 12,5 мм | D93: м2 | E93: 0.26 | F93: =G93+H93 -> 0 | I93: =J93+K93 -> 0 | J93: =G93*E93 -> 0 | K93: =H93*E93 -> 0
A94: =A93+1 -> 70 | B94: Армированные цементно-минеральные плиты АКВАПАНЕЛЬ Наружная -12,5мм | C94: 1.1 | D94: м2 | E94: =ROUND(E93*C94,2) -> 0.29 | F94: =G94+H94 -> 0 | I94: =J94+K94 -> 0 | J94: =G94*E94 -> 0 | K94: =H94*E94 -> 0
A95: =A94+1 -> 71 | B95: Облицовка стен плиткой из керамогранита | D95: м2 | E95: 0.26 | F95: =G95+H95 -> 0 | I95: =J95+K95 -> 0 | J95: =G95*E95 -> 0 | K95: =H95*E95 -> 0
A96: =A95+1 -> 72 | B96: Клей плиточный ФОРБО Eurocol 756 EUROBOND (или аналог) - 7мм | C96: 4.2 | D96: кг | E96: =ROUND(E95*C96,2) -> 1.09 | F96: =G96+H96 -> 0 | I96: =J96+K96 -> 0 | J96: =G96*E96 -> 0 | K96: =H96*E96 -> 0 | L96: Материал подрядчика
A97: =A96+1 -> 73 | B97: Затирка швов Церезит СЕ40 AQUASTATIC (или аналог) (цвет темно-серый в цвет плитки) | C97: 0.3 | D97: кг | E97: =ROUND(E95*C97,2) -> 0.08 | F97: =G97+H97 -> 0 | I97: =J97+K97 -> 0 | J97: =G97*E97 -> 0 | K97: =H97*E97 -> 0 | L97: Материал подрядчика
A98: =A97+1 -> 74 | B98: Плитка керамогранитная VITRA (или аналог) 400х600 (цвет темно-серый) ректификат, класс износостойкости не менее 4, класс стойкости к образованию пятен не менее 4, толщиной не менее 8мм | C98: =1.1 -> 1.1 | D98: м2 | E98: =ROUND(E95*C98,2) -> 0.29 | F98: =G98+H98 -> 0 | I98: =J98+K98 -> 0 | J98: =G98*E98 -> 0 | K98: =H98*E98 -> 0 | L98: Материал Заказчика
B99: Выше отм. 0,000
B100: Тип стены С-5, С6
A101: 75 | B101: Нанесение штукатурно-клеевой смеси - 10 мм | D101: м2 | E101: 1275.99 | F101: =G101+H101 -> 0 | I101: =J101+K101 -> 0 | J101: =G101*E101 -> 0 | K101: =H101*E101 -> 0
A102: =A101+1 -> 76 | B102: Смесь Церезит СТ180 (или аналог) - 10 мм | C102: 6 | D102: кг | E102: =ROUND(E101*C102,2) -> 7655.94 | F102: =G102+H102 -> 0 | I102: =J102+K102 -> 0 | J102: =G102*E102 -> 0 | K102: =H102*E102 -> 0 | L102: Материал подрядчика
...

Sheet по проекту общее
B2: Потолок | C2: Потолок | D2: Стены | E2: Стены | F2: полы | G2: полы
A3: Наименование помещ. | B3: тип отделки | C3: площадь | D3: тип отделки | E3: площадь | F3: тип отделки | G3: площадь
A4: на отм. -3,700
A5: Подвал, ВНС, ИТП, электрощитовая,узел ввода, кладовая уборочного инвентаря | B5: затирка | C5: =905.6+5.2 -> 910.8 | D5: затирка | E5: =1971+18.2 -> 1989.2 | F5: армированная фиброволокном стяжка из ЦПС М150 60 мм | G5: =40.6+19.4+7.3 -> 67.3
A6: Подвал, ВНС, ИТП, электрощитовая,узел ввода, кладовая уборочного инвентаря | B6: шпатлевка | C6: =905.6+5.2 -> 910.8 | D6: цпс штукатурка | E6: =69.7+69.7+26.4 -> 165.8 | F6: плитка на клею 20 мм | G6: =5.2+40.6+19.4+7.3 -> 72.5
A7: Подвал, ВНС, ИТП, электрощитовая,узел ввода, кладовая уборочного инвентаря | B7: грунтовка | C7: =905.6+5.2 -> 910.8 | D7: грунтовка | E7: =1971+18.2 -> 1989.2 | F7: краска ВИТ АК-518 | G7: 842
A8: Подвал, ВНС, ИТП, электрощитовая,узел ввода, кладовая уборочного инвентаря | B8: окраска вэ краской в 2 слоя | C8: =905.6+5.2 -> 910.8 | D8: окраска вэ краской в 2 слоя | E8: =1971+18.2+2.2 -> 1991.4 | F8: Грунтовка по отшлифованной поверхности | G8: 842
A9: Подвал, ВНС, ИТП, электрощитовая,узел ввода, кладовая уборочного инвентаря | D9: окраска вэ краской | E9: =69.7+69.7+11.7 -> 151.1 | F9: ГПС 440 мм | G9: 7.3
A10: Подвал, ВНС, ИТП, электрощитовая,узел ввода, кладовая уборочного инвентаря | D10: облицовка плиткой на высоту 2 м | E10: =3.2+11.7 -> 14.9 | F10: Бетонная подготовка 80 мм | G10: =40.6+19.4+7.3 -> 67.3
A11: Подвал, ВНС, ИТП, электрощитовая,узел ввода, кладовая уборочного инвентаря | D11: шпатлевка | E11: 11.7 | F11: армированная фиброволокном стяжка из ЦПС М150 80 мм | G11: =842+5.2 -> 847.2
A12: Подвал, ВНС, ИТП, электрощитовая,узел ввода, кладовая уборочного инвентаря | F12: ГПС 90 мм | G12: 40.6
A13: Подвал, ВНС, ИТП, электрощитовая,узел ввода, кладовая уборочного инвентаря | F13: ГПС 390 мм | G13: 19.4
A14: на отм. 0,000
A15: Тамбур, Вестибюль,Комната уюорочного инвентаря,Офисы | B15: затирка | C15: =63.2+686+77.9 -> 827.1 | D15: затирка | E15: =86.6+1056.8+140.8+66.8+486+243.2+43.7 -> 2123.9 | F15: плитка на клею 20 мм | G15: =101 -> 101
A16: Тамбур, Вестибюль,Комната уюорочного инвентаря,Офисы | B16: подвесной потолок "Грильято" | C16: 63.2 | D16: грунтовка | E16: =86.6+66.8+3.7 -> 157.1 | F16: армированная фиброволокном стяжка из ЦПС М150 50 мм | G16: =101+686 -> 787
A17: Тамбур, Вестибюль,Комната уюорочного инвентаря,Офисы | D17: окраска вэ краской в 2 слоя | E17: =86.6+66.8+43.7 -> 197.1 | F17: утеплитель пеноплекс 30 мм | G17: =101+686+77.9 -> 864.9
A18: Тамбур, Вестибюль,Комната уюорочного инвентаря,Офисы | D18: шпатлевка | E18: =21.6+43.7 -> 65.3 | F18: гидроизоляция обмазочная битумная в 2 слоя | G18: 77.9
A19: Тамбур, Вестибюль,Комната уюорочного инвентаря,Офисы | D19: окраска вэ краской | E19: =21.6 -> 21.6 | F19: армированная фиброволокном стяжка из ЦПС М150 60 мм | G19: 77.9
A20: Тамбур, Вестибюль,Комната уюорочного инвентаря,Офисы | D20: штукатурка по утеплителю | E20: =43.7 -> 43.7 | F20: пароизоляция | G20: 101
A21: Тамбур, Вестибюль,Комната уюорочного инвентаря,Офисы | D21: гипсовая штукатурка | E21: =21.6+4.1 -> 25.7
A22: жилые этажи 2-7 эт.
A23: коридор. Помещения квартир. Лестничная клетка | B23: затирка | C23: =481.2+4204.4+37.4+262 -> 4985 | D23: затирка | E23: =179+5047.2+742.212+6591.6+138 -> 12698.012 | F23: плитка на клею 20 мм | G23: =481.2+180.44+115 -> 776.64
B24: шпатлевка | C24: =481.2+37.4+262 -> 780.6 | D24: шпатлевка | E24: =1179+742.2+120+138+134.5+35.2 -> 2348.9 | F24: армированная фиброволокном стяжка из ЦПС М150 60 мм | G24: =481.2+400.4 -> 881.6
B25: грунтовка | C25: =481.2+37.4+262 -> 780.6 | D25: окраска вэ краской | E25: =481.2+37.4+262+1179+742.2+120+138+134.5+35.2 -> 3129.5 | F25: армированная фиброволокном стяжка из ЦПС М150 80 мм | G25: =3804+115 -> 3919
B26: окраска вэ краской | C26: =481.2+37.4+262 -> 780.6 | D26: грунтовка | E26: =481.2+37.4+262+1179+742.2+120+138+134.5+35.2 -> 3129.5 | F26: звукоизоляция изоком ппи-п 5 мм | G26: =400.4+3804 -> 4204.4
D27: гипсовая штукатурка | E27: =134.5+35.2 -> 169.7 | F27: гидроизоляция обмазочная битумная в 2 слоя | G27: 400.4
B28: Потолок | D28: Стены | F28: Полы
B29: тип отделки | C29: площадь | D29: тип отделки | E29: площадь | F29: тип отделки | G29: площадь
A30: ИТОГО | B30: затирка | C30: =C5+C15+C23 -> 6722.9 | D30: затирка | E30: =E23+E15+E5 -> 16811.112 | F30: армированная фиброволокном стяжка из ЦПС М150 60 мм | G30: =G24+G19+G5 -> 1026.8
B31: шпатлевка | C31: =C24+C6 -> 1691.4 | D31: грунтовка | E31: =E26+E16+E7 -> 5275.8 | F31: плитка на клею 20 мм | G31: =G23+G15+G6 -> 950.14
B32: грунтовка | C32: =C7+C25 -> 1691.4 | D32: окраска вэ краской в 2 слоя | E32: =E8+E17 -> 2188.5 | F32: краска ВИТ АК-518 | G32: =G7 -> 842
B33: окраска вэ краской | C33: =C26 -> 780.6 | D33: шпатлевка | E33: =E24+E18+E11 -> 2425.9 | F33: Грунтовка по отшлифованной поверхности | G33: =G8 -> 842
B34: окраска вэ краской в 2 слоя | C34: =C8 -> 910.8 | D34: окраска вэ краской | E34: =E19+E9 -> 172.7 | F34: ГПС 440 мм | G34: =G9 -> 7.3
B35: подвесной потолок "Грильято" | C35: =C16 -> 63.2 | D35: штукатурка по утеплителю | E35: =E20 -> 43.7 | F35: Бетонная подготовка 80 мм | G35: =G10 -> 67.3
D36: гипсовая штукатурка | E36: =E21+E27 -> 195.4 | F36: армированная фиброволокном стяжка из ЦПС М150 80 мм | G36: =G25+G11 -> 4766.2
D37: цпс штукатурка | E37: =E6 -> 165.8 | F37: ГПС 90 мм | G37: =G12 -> 40.6
D38: облицовка плиткой на высоту 2 м | E38: =E10 -> 14.9 | F38: гидроизоляция обмазочная битумная в 2 слоя | G38: =G18+G27 -> 478.3
F39: звукоизоляция изоком ппи-п 5 мм | G39: =G26 -> 4204.4
F40: армированная фиброволокном стяжка из ЦПС М150 50 мм | G40: =G16 -> 787
F41: ГПС 390 мм | G41: =G13 -> 19.4
F42: пароизоляция | G42: =G20 -> 101
F43: утеплитель пеноплекс 30 мм | G43: =G17 -> 864.9
A45: проектом не учтено: | B45: сапожок, м.п. | C45: 1423.77 | D45: м.п
A46: откосы | B46: дверной проем | C46: 2641.2 | D46: м.п
B47: оконный проем | C47: 1801.68 | D47: м.п

Sheet В работу
K2: Екатерининская 3 Бс1+БС2 | R2: Южный на 4 литера
A3: ИТОГО отделка МОП цоколь | J3: ИТОГО ОТДЕКЛА | Q3: ИТОГО ОТДЕКЛА
B4: стены | D4: ='расчет общий'!D42 -> 548.7978 | K4: стены | L4: =D4+D21+D31+D13+D41 -> 15604.29 | M4: м2 | R4: стены | S4: =L4*4 -> 62417.16 | T4: м2
B5: полы | D5: ='расчет общий'!D43 -> 163.57 | K5: полы | L5: =D5+D22+D32+D14+D42 -> 7091.63 | M5: м2 | R5: полы | S5: =L5*4 -> 28366.52 | T5: м2
B6: потолок | D6: ='расчет общий'!D44 -> 163.57 | K6: потолок | L6: =D6+D23+D33+D15+D43 -> 7143.31 | M6: м2 | R6: потолок | S6: =L6*4 -> 28573.24 | T6: м2
A7: откосы | B7: дверной проем | C7: ='расчет общий'!C45 -> 20.7 | D7: ='расчет общий'!D45 -> 0 | J7: откосы | K7: дверной проем | L7: =C7+C16+C24+C34+C44 -> 2514.96 | M7: м.п | Q7: откосы | R7: дверной проем | S7: =L7*4 -> 10059.84 | T7: м.п
A8: сапожок, м.п. | B8: полы | C8: ='расчет общий'!C46 -> 211.34 | D8: ='расчет общий'!D46 -> 0 | K8: оконный проем | L8: =C17+C25+C35+C45 -> 1801.68 | M8: м.п | R8: оконный проем | S8: =L8*4 -> 7206.72 | T8: м.п
B9: ступень и подступенок, м.п. | C9: ='расчет общий'!C47 -> 224 | D9: ='расчет общий'!D47 -> 6.3 | J9: сапожок, м.п. | K9: полы | L9: =C8+C26+C36 -> 1423.77 | M9: м.п | Q9: сапожок, м.п. | R9: полы | S9: =L9*4 -> 5695.08 | T9: м.п
K10: ступень и подступенок, м.п. | L10: =C27+C37+C9 -> 2846.4 | M10: м.п | R10: ступень и подступенок, м.п. | S10: =L10*4 -> 11385.6 | T10: м.п
A12: Итого отделка 1 эт. Офисы без су
B13: стены | D13: ='расчет общий'!J50 -> 1505.49
B14: полы | D14: ='расчет общий'!J51 -> 701.2
B15: потолок | D15: ='расчет общий'!J52 -> 698
A16: откосы | B16: дверной проем | C16: ='расчет общий'!I53 -> 83.2
B17: оконный проем | C17: ='расчет общий'!I54 -> 132.84
A20: Итого отделка МОП 1 эт.
B21: стены | D21: ='расчет общий'!J34 -> 438.7722
B22: полы | D22: ='расчет общий'!J35 -> 94.26
B23: потолок | D23: ='расчет общий'!J36 -> 103.06
A24: откосы | B24: дверной проем | C24: ='расчет общий'!I37 -> 68.42
B25: оконный проем | C25: ='расчет общий'!I38 -> 0
A26: сапожок, м.п. | B26: полы | C26: ='расчет общий'!I39 -> 78.9576
A27: Ступень + подступенок, м.п. | B27: ступень и подступенок, м.п. | C27: ='расчет общий'!I40 -> 114.4
A30: Итого отделка МОП тип эт.( 6 шт)
B31: стены | D31: ='расчет общий'!P30 -> 2021.9784
B32: полы | D32: ='расчет общий'!P31 -> 2088.6 | E32: учтены лестничные площадки
B33: потолок | D33: ='расчет общий'!P32 -> 2134.68
A34: откосы | B34: дверной проем | C34: ='расчет общий'!O33 -> 0
B35: оконный проем | C35: ='расчет общий'!O34 -> 35.64
A36: сапожок, м.п. | B36: полы | C36: ='расчет общий'!O35 -> 1133.472
A37: Ступень + подступенок, м.п. | B37: ступень и подступенок, м.п. | C37: ='расчет общий'!O36 -> 2508
A40: Итого отделка тип. эт.(6 шт) кв без су
B41: стены | D41: ='расчет общий'!P46 -> 11089.248
B42: полы | D42: ='расчет общий'!P47 -> 4044
B43: потолок | D43: ='расчет общий'!P48 -> 4044
A44: откосы | B44: дверной проем | C44: ='расчет общий'!O49 -> 2342.64
B45: оконный проем | C45: ='расчет общий'!O50 -> 1633.2
A50: ИТОГО ОТДЕКЛА МОП
B51: стены | C51: =D4+D21+D31 -> 3009.5484 | D51: м2
B52: полы | C52: =D5+D22+D32 -> 2346.43 | D52: м2
B53: потолок | C53: =D6+D23+D33 -> 2401.31 | D53: м2
A54: откосы | B54: дверной проем | C54: =C7+C24+C34 -> 89.12 | D54: м.п
B55: оконный проем | C55: =C25+C35 -> 35.64 | D55: м.п
A56: сапожок, м.п. | B56: полы | C56: =C8+C26+C36 -> 1423.7696 | D56: м.п
B57: ступень и подступенок, м.п. | C57: =C9+C37+C45 -> 4365.2 | D57: м.п

Sheet расчет общий
A1: ЕК3
A2: Подвал h=3,4 м | G2: 1 этаж h=3,75 м | M2: 2-7 этаж h=2,7 м | S2: витражи | T2: размеры | U2: площадь
A3: типа помещения | B3: Тип отделки | C3: Периметр, м | D3: Площадь,м2 | G3: типа помещения | H3: Тип отделки | I3: Периметр, м | J3: Площадь,м2 | M3: типа помещения | N3: Тип отделки | O3: Периметр, м | P3: Площадь,м2 | S3: в1 | T3: 2,56*2,88 | U3: =2.56*2.88 -> 7.3728
A4: ИТП,ВНС | B4: стены | C4: 28.44 | D4: =C4*3.4-1*2.1 -> 94.596 | G4: офисы | H4: стены | I4: =(28.74*6+28.93*2)*2 -> 460.6 | J4: =I4*3.75-U5*8*2-2*U6*2-U7*2-2*U8*2-2*U10*2-U11*2 -> 1505.49 | M4: квартиры | N4: стены | O4: =(53.16*2+58.3*2+43.31*2+49.5+61.94)*2*6-7*2*6 -> 4967.76 | P4: =O4*2.7-(0.8*2.1*8+17*0.9*2.1+8*1*2.1+U34*8+U32*8+U12*8)*2*6 -> 11089.248 | S4: в2 | T4: 2,27*3,75 | U4: =2.27*3.75 -> 8.5125
B5: полы | D5: 39.84 | H5: полы | J5: =44.2*6*2+41.9*2*2+0.2*8*2 -> 701.2 | N5: полы | P5: =(44.8+42+65.7+44.8+39.8+48.3+39.5+48.3-36.2)*2*6 -> 4044 | S5: в3 | T5: 2,27*2,88 | U5: =2.27*2.88 -> 6.5376
B6: потолок | D6: =D5 -> 39.84 | H6: потолок | J6: =44.2*6*2+41.9*2*2 -> 698 | N6: потолок | P6: =P5 -> 4044 | S6: в4 | T6: 2,67*2,88 | U6: =2.67*2.88 -> 7.6896
A7: откосы | B7: дверной проем | C7: =2.1*2+1 -> 5.2 | G7: откосы | H7: дверной проем | I7: =8*2*2.1*2+8*1*2 -> 83.2 | M7: откосы | N7: дверной проем | O7: =(5*1+3*1+2.1*8*2+8*0.8+2.1*17+34*0.9+36*2.1+2.1*2+1.12)*2*6 -> 2342.64 | S7: в5 | T7: 2,46*2,88 | U7: =2.46*2.88 -> 7.0848
A8: сапожок, м.п. | B8: полы | C8: =C4-1 -> 27.44 | H8: оконный проем | I8: =(2.67*2+2.46+2.48*2+2*2.61+2.36+2.88*8*2)*2 -> 132.84 | N8: оконный проем | O8: =(8*2*3.68+8*2*2.8+8*1.63+8*1.68+1.37*2+1.6*2)*2*6 -> 1633.2 | S8: в6 | T8: 2,48*2,88 | U8: =2.48*2.88 -> 7.1424
A9: Кладовая уборочного инвентаря | B9: стены | C9: 9.847 | D9: =C9*3.4-0.9*2.1 -> 31.5898 | G9: сапожок, м.п. | H9: полы | I9: =(I4-8-8*2.27-2.67-2*2.48-2*2.61-2.36)*2 -> 838.46 | M9: сапожок, м.п. | N9: полы | O9: =O4-0.8*8*2*6-0.9*16*6*2*-1*6*8*2-1.5*2*6*8 -> 21335.76 | S9: в7 | T9: 1,2*2,1 | U9: =1.2*2.1 -> 2.52
B10: полы | D10: 5.3 | G10: офисы сан.узлы | H10: стены | I10: =9.3*8*2 -> 148.8 | J10: =I10*3.75-U22*8*2 -> 524.4 | M10: квартиры су | N10: стены | O10: =8.68*8*2*6 -> 833.28 | P10: =O10*2.7-2.1*0.8*8 -> 2236.416 | S10: в8 | T10: 2,61*2,88 | U10: =2.61*2.88 -> 7.5168
B11: потолок | D11: =D10 -> 5.3 | H11: полы | J11: =4.9*8*2 -> 78.4 | N11: полы | P11: =(4.5+4.7+4.4+4.5+4.5+4.4+4.5+4.7)*2*6 -> 434.4 | S11: в9 | T11: 2,36*2,88 | U11: =2.36*2.88 -> 6.7968
A12: откосы | B12: дверной проем | C12: =0.9+2.1*2 -> 5.1 | H12: потолок | J12: =J11 -> 78.4 | N12: потолок | P12: =P11 -> 434.4 | S12: вл1 | T12: 3,68*2,8 | U12: =3.68*2.8 -> 10.304
A13: сапожок, м.п. | B13: полы | C13: =C9-0.81 -> 9.037 | G13: сапожок, м.п. | H13: полы | I13: =I10-1*8*2 -> 132.8 | M13: сапожок, м.п. | N13: полы | O13: =(69.44-0.8*8)*2*6 -> 756.48
A14: Узел ввода | B14: стены | C14: =11.3 -> 11.3 | D14: =C14*3.4-0.9*2.1 -> 36.53 | G14: МОП Табмур | H14: стены | I14: =12.8*2 -> 25.6 | J14: =I14*3.75-(U4-U5)*2 -> 92.0502 | M14: стоякки | S14: двери | T14: размеры | U14: площадь
B15: полы | D15: =7.3 -> 7.3 | H15: полы | J15: =10.08*2 -> 20.16 | M15: шахты | S15: 1 | T15: 1*2,1 | U15: =1*2.1 -> 2.1
B16: потолок | D16: =D15 -> 7.3 | H16: потолок | J16: =J15 -> 20.16 | M16: МОП коридор | N16: стены | O16: =49.15*6*2 -> 589.8 | P16: =O16*2.7-(U25*8+U21+U27*2+1.1*2.1)*6 -> 1443.528 | S16: 2 | T16: 1*2,1 | U16: =1*2.1 -> 2.1
A17: откосы | B17: дверной проем | C17: =1+2.1*2 -> 5.2 | G17: откосы | H17: дверной проем | I17: =(2.56+2.27+2.88*2+3.75*2)*2 -> 36.18 | N17: полы | P17: =49.15*6*2 -> 589.8 | S17: 3 | T17: 1*2,1 | U17: =1*2.1 -> 2.1
A18: сапожок, м.п. | B18: полы | C18: =C14-1 -> 10.3 | H18: оконный проем | I18: 0 | N18: потолок | P18: =P17 -> 589.8 | S18: 4 | T18: 1*2,1 | U18: =1*2.1 -> 2.1
A19: Электрощитовая | B19: стены | C19: 20.16 | D19: =C19*3.4-1*2.1 -> 66.444 | G19: сапожок, м.п. | H19: полы | I19: =I14-2.56*2.27*2 -> 13.9776 | M19: откосы | N19: дверной проем | P19: =2*6*2*1.2+1.4*2*6*2+2.1*6*2*2+1.12*6*2 -> 126.24 | S19: 5 | T19: 0,9*2,1 | U19: =0.9*2.1 -> 1.89
B20: полы | D20: 19.73 | G20: МОП Вестибюль | H20: стены | I20: =23.64*2 -> 47.28 | J20: =I20*3.75-(U20-U4)*2 -> 189.621 | N20: оконный проем | S20: 6 | T20: 1,12*2,1 | U20: =1.12*2.1 -> 2.352
B21: потолок | D21: =D20 -> 19.73 | H21: полы | J21: =22.25*2 -> 44.5 | M21: сапожок, м.п. | N21: полы | O21: =O16-8*1*6*2-2*6*1.2*2-2*6*1.12-1.1*6*2 -> 438.36 | S21: 7 | T21: 1,12*2,1 | U21: =1.12*2.1 -> 2.352
A22: откосы | B22: дверной проем | C22: =1+2.1*2 -> 5.2 | H22: потолок | J22: =J21 -> 44.5 | M22: МОП лестничная клетка | N22: стены | O22: =17.026*2*6 -> 204.312 | P22: =O22*2.7-(1.1*2.1-U21-U33)*2*6 -> 578.4504 | S22: 8 | T22: 1*2,1 | U22: =1*2.1 -> 2.1
A23: сапожок, м.п. | B23: полы | C23: =C19-1 -> 19.16 | G23: откосы | H23: дверной проем | I23: =1.12*2+2.1*2*2 -> 10.64 | N23: полы | P23: =(96+28.9)*2*6 -> 1498.8 | S23: 9 | T23: 1*2,1 | U23: =1*2.1 -> 2.1
A24: Коридор | B24: стены | C24: 96.42 | D24: =C24*3.4-1*2.1*3-0.9*2.1 -> 319.638 | H24: оконный проем | I24: 0 | N24: потолок | P24: =3.2*2*1.2*6+P23 -> 1544.88 | S24: 10 | T24: 1*2,1 | U24: =1*2.1 -> 2.1
B25: полы | D25: 91.4 | G25: сапожок, м.п. | H25: полы | I25: =I20-(1.12-2.27)*2 -> 49.58 | M25: откосы | N25: дверной проем | S25: 11 | T25: 1*2,1 | U25: =1*2.1 -> 2.1
B26: потолок | D26: =D25 -> 91.4 | G26: МОП Лестнпичная клетка | H26: стены | I26: =20.23*2 -> 40.46 | J26: =I26*3.75-(U20-1.2*2.1-U9)*2 -> 157.101 | N26: оконный проем | O26: =6*2*1.37+6*2*1.6 -> 35.64 | S26: 12 | T26: 1,2*2,1 | U26: =1.2*2.1 -> 2.52
A27: откосы | B27: дверной проем | H27: полы | J27: =14.8*2 -> 29.6 | M27: сапожок, м.п. | N27: полы | O27: =O22-1.1*6*2+42*2*6 -> 695.112 | S27: 13 | T27: 1,2*1,4 | U27: =1.2*1.4 -> 1.68
A28: сапожок, м.п. | B28: полы | C28: =C24-1*3-0.9 -> 92.52 | H28: потолок | J28: =19.2*2 -> 38.4 | M28: Ступень + подступенок, м.п. | N28: ступень и подступенок, м.п. | O28: =209*6*2 -> 2508 | S28: 14 | T28: 0,8*1,2 | U28: =0.8*1.2 -> 0.96
A29: Остальные тпомещения (без назначения) | B29: стены | C29: =29.34*3*2+2.12 -> 178.16 | D29: =C29*3.4 -> 605.744 | G29: откосы | H29: дверной проем | I29: =(1.2+2.1*2+1.2+2.1*2)*2 -> 21.6 | M29: Итого отделка МОП тип эт.( 6 шт)
B30: полы | D30: =45.13*3*2+24.5 -> 295.28 | H30: оконный проем | I30: 0 | N30: стены | P30: =P16+P22 -> 2021.9784 | S30: окна | T30: размеры | U30: площадь
B31: потолок | D31: =D30 -> 295.28 | G31: сапожок, м.п. | H31: полы | I31: =I26-(1.2*2-1.12+11.25)*2 -> 15.4 | N31: полы | P31: =P17+P23 -> 2088.6 | S31: ок1 | T31: 1,2*1,3 | U31: =1.2*1.3 -> 1.56
A32: откосы | B32: дверной проем | G32: Ступень + подступенок, м.п. | H32: ступень и подступенок, м.п. | I32: =(27.5+29.7)*2 -> 114.4 | N32: потолок | P32: =P18+P24 -> 2134.68 | S32: ок2 | T32: 1,63*1,8 | U32: =1.63*1.8 -> 2.934
A33: сапожок, м.п. | B33: полы | C33: =C29 -> 178.16 | G33: Итого отделка МОП 1 эт. | M33: откосы | N33: дверной проем | O33: =O19+O25 -> 0 | S33: ок3 | T33: 1,37*1,6 | U33: =1.37*1.6 -> 2.192
A34: Остальные тпомещения (без назначения) БС2 | B34: стены | C34: =29.34*4*2+2.12+C24-26.3 -> 306.96 | D34: =C34*3.4 -> 1043.664 | H34: стены | J34: =J14+J20+J26 -> 438.7722 | N34: оконный проем | O34: =O20+O26 -> 35.64 | S34: ок4 | T34: 0,72*1,8+0,75*2,5 | U34: =0.72*1.8+0.75*2.5 -> 3.171
B35: полы | D35: =45.13*4*2+24.5*2 -> 410.04 | H35: полы | J35: =J15+J21+J27 -> 94.26 | M35: сапожок, м.п. | N35: полы | O35: =O21+O27 -> 1133.472
B36: потолок | D36: =D35 -> 410.04 | H36: потолок | J36: =J16+J22+J28 -> 103.06 | M36: Ступень + подступенок, м.п. | N36: ступень и подступенок, м.п. | O36: =O28 -> 2508
A37: откосы | B37: дверной проем | G37: откосы | H37: дверной проем | I37: =I17+I23+I29 -> 68.42 | M37: Итого отделка тип. эт.(6 шт)
A38: сапожок, м.п. | B38: полы | C38: =C34 -> 306.96 | H38: оконный проем | N38: стены | P38: =P22+P10+P16+P4 -> 15347.642
A39: Лестничная клетка, м2 (выход из подвала) | B39: сапожок, площадка | C39: =(12.26+17.7)*2 -> 59.92 | D39: =3.15*2 -> 6.3 | G39: сапожок, м.п. | H39: полы | I39: =I19+I25+I31 -> 78.9576 | N39: полы | P39: =P23+P11+P17+P5 -> 6567
A40: Ступень + подступенок, м.п. (выход из подвала) | B40: ступень и подступенок, м.п. | C40: =112*2 -> 224 | G40: Ступень + подступенок, м.п. | H40: ступень и подступенок, м.п. | I40: =I32 -> 114.4 | N40: потолок | P40: =P24+P12+P18+P6 -> 6613.08
A41: ИТОГО отделка МОП цоколь | G41: Итого отделка 1 эт. | M41: откосы | N41: дверной проем | O41: =O25+O19+O7 -> 2342.64
B42: стены | D42: =D4+D9+D14+D19+D24 -> 548.7978 | H42: стены | J42: =J26+J14+J10+J4+J20 -> 2468.6622 | N42: оконный проем | O42: =O26+O14+O20+O8 -> 1668.84
B43: полы | D43: =D5+D10+D15+D20+D25 -> 163.57 | H43: полы | J43: =J27+J15+J11+J5+J21 -> 873.86 | M43: сапожок, м.п. | N43: полы | O43: =O27+O15+O21+O9 -> 22469.232
B44: потолок | D44: =D43 -> 163.57 | H44: потолок | J44: =J28+J16+J12+J6+J22 -> 879.46 | M44: Ступень + подступенок, м.п. | N44: ступень и подступенок, м.п. | O44: =O28+O16+O22+O10 -> 4135.392
A45: откосы | B45: дверной проем | C45: =C22+C17+C12+C7 -> 20.7 | G45: откосы | H45: дверной проем | I45: =I29+I17+I13+I7+I23 -> 284.42 | M45: Итого отделка тип. эт.(6 шт) кв без су
A46: сапожок, м.п. | B46: полы | C46: =C28+C19+C14+C8+C39 -> 211.34 | H46: оконный проем | I46: =I30+I18+I14+I8+I24 -> 158.44 | N46: стены | P46: =P4 -> 11089.248
B47: ступень и подступенок, м.п. | C47: =C40 -> 224 | D47: =D39 -> 6.3 | G47: сапожок, м.п. | H47: полы | I47: =I31+I19+I15+I9+I25 -> 917.4176 | N47: полы | P47: =P5 -> 4044
A48: ИТОГО отделка цоколь | G48: Ступень + подступенок, м.п. | H48: ступень и подступенок, м.п. | I48: =I32 -> 114.4 | N48: потолок | P48: =P6 -> 4044
B49: стены | D49: =D34+D29+D24+D19+D14+D9+D4 -> 2198.2058 | G49: Итого отделка 1 эт. Офисы без су | M49: откосы | N49: дверной проем | O49: =O7 -> 2342.64
B50: полы | D50: =D35+D30+D25+D20+D15+D10+D5 -> 868.89 | H50: стены | J50: =J4 -> 1505.49 | N50: оконный проем | O50: =O8 -> 1633.2
B51: потолок | D51: =D36+D31+D26+D21+D16+D11+D6 -> 868.89 | H51: полы | J51: =J5 -> 701.2 | M51: сапожок, м.п. | N51: полы | O51: =O9 -> 21335.76
A52: откосы | B52: дверной проем | C52: =C22+C17+C12+C7 -> 20.7 | H52: потолок | J52: =J6 -> 698
A53: сапожок, м.п. | B53: полы | C53: =C38+C33+C28+C23+C18+C13+C8+C39 -> 703.497 | G53: откосы | H53: дверной проем | I53: =I7 -> 83.2
B54: ступень и подступенок, м.п. | C54: =C40 -> 224 | D54: =D39 -> 6.3 | H54: оконный проем | I54: =I8 -> 132.84
G55: сапожок, м.п. | H55: полы | I55: =I9 -> 838.46
